 Dungeon Sprint DCSS version 0.26-a0-252-gb32a1a6195 (webtiles) character file.

Game seed: 4476093128747814431

0 Bbreath the Skirmisher (level 1, 18/19 HPs)
             Began as a Barachi Berserker on July 9, 2020.
             Was a Follower of Trog.
             Got out of the dungeon alive.
             The game lasted 00:00:51 (40 turns).

Bbreath the Skirmisher (Barachi Berserker)            Turns: 40, Time: 00:00:52

Health: 18/19      AC:  2    Str: 18    XL:     1   Next: 20%
Magic:  1/1        EV: 12    Int:  7    God:    Trog [*.....]
Gold:   200        SH:  0    Dex: 11    Spells: 0/0 levels left

rFire    . . .     SeeInvis .   a - +0 spear
rCold    . . .     Faith    .   (no shield)
rNeg     . . .     Spirit   .   b - +0 animal skin
rPois    .         Reflect  .   (no helmet)
rElec    .         Harm     .   (no cloak)
rCorr    .         NoTele   +   (no gloves)
MR       .....                  (no boots)
Stlth    +.........             (no amulet)
HPRegen  0.06/turn              (no ring)
MPRegen  0.07/turn              (no ring)

@: slow
A: +LOS, swims, slowness 1, strong legs 1
a: Hop, Berserk, Renounce Religion


You escaped.
You worshipped Trog.
Trog was aware of your devotion.
You were not hungry.

You visited 1 branch You collected 200 gold pieces.

Inventory:

Hand Weapons
 a - a +0 spear (weapon)
Armour
 b - a +0 animal skin (worn)
Wands
 k - a wand of acid (5)
 l - a wand of iceblast (5)
Scrolls
 i - 4 scrolls of blinking
 m - 3 scrolls of fog
Potions
 d - a potion of curing
 e - 4 potions of heal wounds
 f - 4 potions of haste
 g - 2 potions of magic
 h - a potion of berserk rage
 j - a potion of resistance
Comestibles
 c - 2 rations


   Skills:
 + Level 4.0 Fighting
 + Level 3.3 Polearms
 + Level 2.5 Armour
 + Level 2.3 Dodging


You couldn't memorise any spells.
You didn't know any spells.
Your spell library was empty.

Dungeon Overview and Level Annotations

Branches:
Dungeon (1/1)

Altars:
Cheibriados
Dithmenos
Fedhas
Gozag
Kikubaaqudgha
Makhleb
Okawaru
Qazlal
Ru
Sif Muna
Trog
Uskayaw
Vehumet
Wu Jian
Xom
Yredelemnul
Zin
The Shining One
Beogh
Jiyva
Lugonu

Shops:
D *[%???:(!


Innate Abilities, Weirdness & Mutations

You can be seen from farther away. (+LOS)
You can swim through water.
You cover ground slowly.
You can hop short distances.


Message History

Things that are here:
a +0 club; a hobgoblin corpse
Found a basalt altar of Yredelemnul.
Found a roughly hewn altar of Beogh.
Found a glowing golden altar of the Shining One and a viscous altar of Jiyva.
Unknown command.
Unknown command.
Unknown command.
You can't go up here!
You now have 200 gold pieces.
j - a potion of resistance;
k - a wand of acid (5);
l - a wand of iceblast (5)
f - 4 potions of haste (gained 3);
e - 4 potions of heal wounds (gained 3)
m - 3 scrolls of fog;
i - 4 scrolls of blinking (gained 3)
There is a staircase leading out of the dungeon here.
Are you sure you want to leave the Dungeon?
This will make you lose the game!
Alright, then stay!
Are you sure you want to leave the Dungeon?
This will make you lose the game!
Uppercase [Y]es or [N]o only, please.
Are you sure you want to leave the Dungeon?
This will make you lose the game!
You have escaped!

#_......._# ###.........###
#⌠...........⌠#
######.8.........8.####
##∩___......###......__.∩
###∩........8.# #.8........
##.............###..........
#⌠......)...###...###.......
#⌠..........# #.@.# .......
#⌠..........###...# .......
##.............###..........
###∩........8.# .8........
##∩___......# ......___
######.8.........8.##
#⌠...........⌠#
###.........### #........_#


There were no monsters in sight!

Vanquished Creatures
  A hobgoblin (D)
1 creature vanquished.

Notes
Turn   | Place    | Note
-------+----------+-------------------------------------------
     0 | D        | Bbreath the Barachi Berserker began the quest for the Orb.
     0 | D        | Reached XP level 1. HP: 18/18 MP: 1/1
     0 | D        | Found an ornate altar of the Wu Jian Council.
     0 | D        | Found a stormy altar of Qazlal.
     1 | D        | Found a corrupted altar of Lugonu.
     1 | D        | Found a shimmering blue altar of Sif Muna.
     2 | D        | Found a shadowy altar of Dithmenos.
     3 | D        | Found a glowing silver altar of Zin.
     3 | D        | Found a sacrificial altar of Ru.
     3 | D        | Found Jomuw's Staff Store.
     3 | D        | Found Umaecon's Magic Scroll Shop.
     4 | D        | Found a burning altar of Makhleb.
     4 | D        | Found an iron altar of Okawaru.
     4 | D        | Found Itzoloil's Must-Have Magic.
     4 | D        | Found Koerrog's Magic Scroll Shop.
     4 | D        | Found a radiant altar of Vehumet.
     4 | D        | Found a snail-covered altar of Cheibriados.
     4 | D        | Round 1.
     5 | D        | Found Ulinig's Distillery.
     8 | D        | Found a bloodstained altar of Trog.
     9 | D        | Found a blossoming altar of Fedhas.
    10 | D        | Found an ancient bone altar of Kikubaaqudgha.
    11 | D        | Found a shimmering altar of Xom.
    11 | D        | Found an opulent altar of Gozag.
    11 | D        | Found a hide-covered altar of Uskayaw.
    14 | D        | Found Emen's Delicious Food.
    14 | D        | Found Gurangi's Identification Station.
    15 | D        | Found Moqekiki's Jewellery.
    15 | D        | Found Hiugoin's Advanced Armour.
    25 | D        | Reached skill level 4 in Fighting
    30 | D        | Found a basalt altar of Yredelemnul.
    31 | D        | Found a roughly hewn altar of Beogh.
    33 | D        | Found a glowing golden altar of the Shining One.
    33 | D        | Found a viscous altar of Jiyva.
    40 | D        | Got out of the dungeon alive.

Illustrated notes

Levels and vault maps discovered:
D:        arena_sprint

Skill      XL: |  1 |
---------------+----+-----
Fighting       | 4 |  4.0
Polearms       | |  3.3
Armour         | |  2.5
Dodging        | |  2.3

Action                   || total
-------------------------++-------
Melee: Spear             ||     6
Armor: Animal skin       ||     1
Dodge: Dodged            ||     2

Table legend:
 A = Non-vault XP
 B = Vault XP
 C = Vault XP percentage of total XP
 D = Non-vault monster count
 E = Vault monster count
 F = Vault count percentage of total count
                 A         B        C        D         E       F
            +---------+---------+-------+---------+---------+-------
      Total |       2 |       0 |   0.0 |       1 |       0 |   0.0
            +---------+---------+-------+---------+---------+-------
          D |       2 |       0 |   0.0 |       1 |       0 |   0.0
            +---------+---------+-------+---------+---------+-------
